 Dungeon Crawl Stone Soup version 0.29-a0-791-ga0f254aafb (webtiles) character file.

Game seed: 16805356694796856309

2477 Malachi the Frost Mage (level 9, 0/72 HPs)
             Began as a Gnoll Ice Elementalist on July 3, 2022.
             Was a Follower of Vehumet.
             Slain by a centaur warrior (11 damage)
             ... on level 8 of the Dungeon.
             The game lasted 00:11:29 (8086 turns).

Malachi the Frost Mage (Gnoll Ice Elementalist)     Turns: 8086, Time: 00:11:29

Health: 0/72       AC: 12    Str:  8    XL:     9   Next: 51%
Magic:  11/19      EV: 15    Int: 22    God:    Vehumet [*.....]
Gold:   355        SH:  0    Dex: 17    Spells: 14/21 levels left

rFire   . . .      SeeInvis .   e - +8 war axe "Nade" {drain, rPois}
rCold   . . .      Faith    .   (no shield)
rNeg    . . .      Spirit   .   a - +0 robe
rPois   +          Reflect  .   (no helmet)
rElec   +          Harm     .   (no cloak)
rCorr   .          Rampage  .   n - +0 pair of gloves
Will    .....                   (no boots)
Stlth   +++.......              (no amulet)
HPRegen 0.22/turn               c - +6 ring of dexterity
MPRegen 0.16/turn               (no ring)

@: ice-armoured, freezing walls
A: fangs 1, strong nose, distributed training, clever 1, robust 1, electricity
resistance
a: Renounce Religion


You were on level 8 of the Dungeon.
You worshipped Vehumet.
Vehumet was aware of your devotion.
You visited 2 branches of the dungeon, and saw 9 of its levels.

You collected 355 gold pieces.

Inventory:

Hand Weapons
 e - the +8 war axe "Nade" (weapon) {drain, rPois}
   (You found it on level 6 of the Dungeon)

   A truly terrible weapon, it drains the life of any living foe it strikes.
   rPois:     It protects you from poison.
 o - a +2 whip of electrocution
 y - a +2 dagger of venom
Armour
 a - a +0 robe (worn)
 n - a +0 pair of gloves (worn)
Jewellery
 c - a +6 ring of dexterity (left hand)
Wands
 v - a wand of light (20)
Scrolls
 f - a scroll of identify
 g - 2 scrolls of amnesia
 h - a scroll of immolation
 j - a scroll of blinking
 m - 2 scrolls of torment
 p - 2 scrolls of fear
 r - a scroll of fog
 z - a scroll of poison
 B - a scroll of silence {unknown}
 C - 3 scrolls of teleportation
Potions
 b - 2 potions of magic
 d - 2 potions of haste
 i - 2 potions of resistance
 k - 3 potions of brilliance
 l - a potion of invisibility
 q - 3 potions of curing {unknown}
 s - 2 potions of heal wounds
 t - 2 potions of attraction
 u - a potion of flight
 w - a potion of mutation
 x - 2 potions of lignification {unknown}
 A - a potion of might


   Skills:
 + Level 4.5 Fighting
 + Level 4.5 Short Blades
 + Level 4.5 Long Blades
 + Level 4.5 Axes
 + Level 4.5 Maces & Flails
 + Level 4.5 Polearms
 + Level 4.5 Staves
 + Level 4.5 Ranged Weapons
 + Level 4.5 Throwing
 + Level 4.5 Armour
 + Level 6.5 Dodging
 + Level 6.2 Stealth
 + Level 4.5 Shields
 + Level 4.5 Unarmed Combat
 + Level 6.8 Spellcasting
 + Level 3.7 Conjurations
 + Level 3.7 Hexes
 + Level 3.7 Summonings
 + Level 3.7 Necromancy
 + Level 3.7 Translocations
 + Level 3.7 Transmutations
 + Level 3.7 Fire Magic
 + Level 8.1 Ice Magic
 + Level 3.7 Air Magic
 + Level 3.7 Earth Magic
 + Level 3.7 Poison Magic
 + Level 4.9 Invocations
 + Level 4.5 Evocations


You had 14 spell levels left.
You knew the following spells:

 Your Spells              Type           Power      Damage    Failure   Level
a - Freeze                Ice            100%       1d11      1%          1
b - Frozen Ramparts       Ice            86%        1d10      1%          3
c - Ozocubu's Armour      Ice            43%        N/A       1%          3

Your spell library contained the following spells:

 Spells                   Type           Power      Damage    Failure   Level
 Foxfire                  Conj/Fire      92%        2x1d8     1%          1
 Sandblast                Erth           46%        2d11      1%          1
 Passwall                 Tmut/Erth      19%        N/A       2%          2
 Sublimation of Blood     Necr           23%        N/A       2%          2
 Portal Projectile        Hex/Tloc       46%        N/A       5%          3
 Stone Arrow              Conj/Erth      46%        3d9       5%          3
 Tukima's Dance           Hex            23%        N/A       5%          3
 Hailstorm                Conj/Ice       33%        3d8       8%          4
 Petrify                  Tmut/Erth      23%        N/A       19%         4
 Blade Hands              Tmut           11%        N/A       45%         5
 Irradiate                Conj/Tmut      11%        3d17      45%         5


Dungeon Overview and Level Annotations

Branches:
Dungeon (8/15)             Temple (1/1) D:5
   Lair: D:8-11

Altars:
Cheibriados
Fedhas
Gozag
Hepliaklqana
Kikubaaqudgha
Makhleb
Nemelex Xobeh
Okawaru
Qazlal
Ru
Sif Muna
Trog
Vehumet
Wu Jian
Yredelemnul
Zin
The Shining One

Shops:
D:4 *[   D:7 (


Innate Abilities, Weirdness & Mutations

You have very sharp teeth.
Your uncanny sense of smell can sniff out nearby items.
Your experience applies equally to all skills.
Your mind is acute. (Int +4, Str/Dex -1)
You are robust. (+10% HP)
You are resistant to electric shocks. (rElec)


Message History

Found 28 gold pieces.
You slash the centaur warrior!
The centaur warrior is moderately wounded.
The centaur warrior unwields a +0 shortbow.
The centaur warrior hits you. The centaur warrior kicks you.
The centaur warrior hits you! The centaur warrior kicks you.
Casting: Freeze (safe; 1% risk of failure)
Confirm with . or Enter, or press ? or * to list all spells.
Casting: Frozen Ramparts (safe; 1% risk of failure)
Press: ? - help, Dir - look around, f - activate The walls around you are covered in ice.
The wall freezes the centaur warrior!
The centaur warrior hits you. The centaur warrior kicks you.
Unknown command.
Casting: Frozen Ramparts (safe; 1% risk of failure)
Confirm with . or Enter, or press ? or * to list all spells.
A film of ice covers your body!
The wall freezes the centaur warrior.
The centaur warrior hits you!
* * * LOW HITPOINT WARNING * * *
The centaur warrior kicks you but does no damage.
The wall freezes the centaur warrior.
The centaur warrior hits you but does no damage.
The centaur warrior kicks you.
* * * LOW HITPOINT WARNING * * *
Aiming: Freeze (safe; 1% risk of failure)
Press: ? - help, Q - select action, (/) - cycle Shift-Dir - straight line, f - centaur warrior
Aim: a centaur warrior (heavily wounded)
You freeze the centaur warrior!
The centaur warrior is severely wounded.
The wall freezes the centaur warrior.
The centaur warrior hits you.
* * * LOW HITPOINT WARNING * * *
The centaur warrior kicks you.
* * * LOW HITPOINT WARNING * * *
Aiming: Freeze (safe; 1% risk of failure)
Press: ? - help, Q - select action, (/) - cycle Shift-Dir - straight line, f/p - centaur warrior
Aim: a centaur warrior (severely wounded)
You freeze the centaur warrior.
The centaur warrior is severely wounded.
The wall freezes the centaur warrior.
The centaur warrior hits you!
You die...

#### ##.. #$c# ##@# ∆
#.#### ##.#.## #.#.#.##
######.# ###
###.#.#.##..# ###.##
#..........# ###....#
#.##########
#.###.######.....##...#


You could see a centaur warrior.

Vanquished Creatures
  Pikel (D:4)
  A steam dragon (D:7)
  A water moccasin (D:7)
  Pargi (D:3)
  A sky beast (D:7)
  2 black bears
  A centaur (D:7)
  An ogre (D:4)
  2 phantoms
  3 lemures (D:4)
  3 bullfrogs
  3 scorpions
  A wight (D:6)
  4 howler monkeys
  3 hounds (D:6)
  A jelly (D:4)
  2 orc priests
  2 iguanas
  Ijyb (D:4)
  2 orc wizards
  9 adders
  3 white imps
  An ufetubus (D:6)
  4 dart slugs
  23 orcs
  6 endoplasms
  4 giant cockroaches
  7 goblins
  6 hobgoblins
  7 jackals
  5 kobolds
  A quokka (D:4)
  6 ball pythons
  9 bats
  3 frilled lizards
  3 rats
133 creatures vanquished.

Vanquished Creatures (others)
  An orc wizard (D:8)
1 creature vanquished.

Grand Total: 134 creatures vanquished

Notes
Turn   | Place    | Note
-------+----------+-------------------------------------------
     0 | D:1      | Malachi the Gnoll Ice Elementalist began the quest for the
                  | Orb.
     0 | D:1      | Reached XP level 1. HP: 13/13 MP: 6/6
   273 | D:1      | Reached XP level 2. HP: 8/19 MP: 5/7
   882 | D:1      | Found a faded altar of an unknown god.
  1244 | D:2      | Reached skill level 5 in Spellcasting
  1244 | D:2      | Reached XP level 3. HP: 13/25 MP: 6/9
  1573 | D:2      | Reached skill level 1 in Invocations
  1577 | D:2      | Learned a level 3 spell: Frozen Ramparts
  1581 | D:2      | Learned a level 3 spell: Ozocubu's Armour
  1908 | D:2      | Reached skill level 1 in Fighting
  1908 | D:2      | Reached skill level 1 in Short Blades
  1908 | D:2      | Reached skill level 1 in Long Blades
  1908 | D:2      | Reached skill level 1 in Axes
  1908 | D:2      | Reached skill level 1 in Maces & Flails
  1908 | D:2      | Reached skill level 1 in Polearms
  1908 | D:2      | Reached skill level 1 in Staves
  1908 | D:2      | Reached skill level 1 in Ranged Weapons
  1908 | D:2      | Reached skill level 1 in Throwing
  1908 | D:2      | Reached skill level 1 in Armour
  1908 | D:2      | Reached skill level 1 in Shields
  1908 | D:2      | Reached skill level 1 in Unarmed Combat
  1908 | D:2      | Reached skill level 1 in Evocations
  2475 | D:3      | Found a sparkling altar of Nemelex Xobeh.
  2521 | D:3      | Reached XP level 4. HP: 32/32 MP: 9/11
  3080 | D:3      | Reached skill level 1 in Conjurations
  3080 | D:3      | Reached skill level 1 in Hexes
  3080 | D:3      | Reached skill level 1 in Summonings
  3080 | D:3      | Reached skill level 1 in Necromancy
  3080 | D:3      | Reached skill level 1 in Translocations
  3080 | D:3      | Reached skill level 1 in Transmutations
  3080 | D:3      | Reached skill level 1 in Fire Magic
  3080 | D:3      | Reached skill level 1 in Air Magic
  3080 | D:3      | Reached skill level 1 in Earth Magic
  3080 | D:3      | Reached skill level 1 in Poison Magic
  3336 | D:3      | Found an ornate altar of the Wu Jian Council.
  3422 | D:3      | Noticed Pargi
  3428 | D:3      | Killed Pargi
  3429 | D:3      | Reached XP level 5. HP: 36/38 MP: 3/12
  3719 | D:4      | Found Meddo's Gadget Gallery.
  3729 | D:4      | Noticed Pikel
  3729 | D:4      | Noticed a lemure
  3729 | D:4      | Noticed a lemure
  3730 | D:4      | Noticed a lemure
  3730 | D:4      | Noticed a lemure
  3742 | D:4      | Killed a lemure
  3743 | D:4      | Killed a lemure
  3747 | D:4      | Killed a lemure
  3757 | D:4      | Killed Pikel
  3758 | D:4      | Reached skill level 5 in Dodging
  3758 | D:4      | Reached skill level 5 in Stealth
  3758 | D:4      | Reached XP level 6. HP: 15/46 MP: 4/14
  3758 | D:4      | Reached XP level 7. HP: 16/51 MP: 4/15
  4013 | D:4      | Noticed Ijyb
  4021 | D:4      | Killed Ijyb
  4316 | D:4      | Reached XP level 8. HP: 44/58 MP: 12/16
  4574 | D:4      | Found Regosar's Armour Boutique.
  5058 | D:5      | Entered Level 5 of the Dungeon
  5206 | D:5      | Found a staircase to the Ecumenical Temple.
  5246 | Temple   | Entered the Ecumenical Temple
  5260 | Temple   | Became a worshipper of Vehumet
  5329 | D:5      | Found a shimmering blue altar of Sif Muna.
  5716 | D:5      | Found a sacrificial altar of Ru.
  6009 | D:5      | Found a basalt altar of Yredelemnul.
  6303 | D:6      | Identified the +8 war axe "Nade" {drain, rPois}
  7032 | D:7      | Reached XP level 9. HP: 9/65 MP: 18/18
  7035 | D:7      | HP: 3/65 [sky beast (6)]
  7211 | D:7      | Found Pohat's Weapon Boutique.
  7234 | D:7      | Reached skill level 8 in Ice Magic
  7242 | D:7      | Reached * piety under Vehumet
  7242 | D:7      | Offered knowledge of Foxfire by Vehumet.
  7456 | D:7      | Gained mutation: You are resistant to electric shocks.
                  | (rElec) [potion of mutation]
  7456 | D:7      | Gained mutation: Your mind is acute. (Int +4, Str/Dex -1)
                  | [potion of mutation]
  7456 | D:7      | Gained mutation: You are robust. (+10% HP) [potion of
                  | mutation]
  8080 | D:8      | Noticed a centaur warrior
  8086 | D:8      | Slain by a centaur warrior

Illustrated notes

Levels and vault maps discovered:
D:1:      wheals_arrival_shading, layout_basic, ebering_ecumenical_altar_box,
          kennysheep_flooded_box
D:2:      layout_basic
D:3:      layout_rooms, nicolae_wu_jian_immortal_techniques,
          nemelex_dance_club_becter, uniq_pargi
D:4:      layout_gridville, serial_shops, shop, nicolae_shop_gadgets, uniq_ijyb,
          uniq_pikel
D:5:      layout_basic, lemuel_doored_altar, kennysheep_little_box,
          hangedman_ru_absence, minmay_temple_entry_statues_pillars
D:6:      layout_gridville, nrook_mini_vaults, kennysheep_generic_room_5
D:7:      layout_cave_pools, serial_shops, shop_statue, grunt_decor_junction
D:8:      layout_cave_pools, enter_bailey_3, minivault_25, minmay_small_thing
Temple:   nicolae_temple_no_exploring_needed

Skill      XL: |  1  2  3  4  5  6  7  8  9 |
---------------+----------------------------+-----
Spellcasting   | 5 6 |  6.8
Invocations    | 1 2 3 4 |  4.9
Fighting       | 1 2 3 4 |  4.5
Short Blades   | 1 2 3 4 |  4.5
Long Blades    | 1 2 3 4 |  4.5
Axes           | 1 2 3 4 |  4.5
Maces & Flails | 1 2 3 4 |  4.5
Polearms       | 1 2 3 4 |  4.5
Staves         | 1 2 3 4 |  4.5
Ranged Weapons | 1 2 3 4 |  4.5
Throwing       | 1 2 3 4 |  4.5
Armour         | 1 2 3 4 |  4.5
Shields        | 1 2 3 4 |  4.5
Unarmed Combat | 1 2 3 4 |  4.5
Evocations     | 1 2 3 4 |  4.5
Conjurations   | 1 2 3 |  3.7
Hexes          | 1 2 3 |  3.7
Summonings     | 1 2 3 |  3.7
Necromancy     | 1 2 3 |  3.7
Translocations | 1 2 3 |  3.7
Transmutations | 1 2 3 |  3.7
Fire Magic     | 1 2 3 |  3.7
Air Magic      | 1 2 3 |  3.7
Earth Magic    | 1 2 3 |  3.7
Poison Magic   | 1 2 3 |  3.7
Dodging        | 5 6 |  6.5
Stealth        | 5 6 |  6.2
Ice Magic      | 8 |  8.1

Action                   |  1- 3 |  4- 6 |  7- 9 || total
-------------------------+-------+-------+-------++-------
Melee: Dagger            |    19 |    10 |    15 ||    44
       Unarmed           |     1 |       |       ||     1
       Bite              |     3 |     2 |    23 ||    28
       Whip              |       |       |    58 ||    58
       Punch             |       |       |     4 ||     4
       War axe           |       |       |    65 ||    65
 Cast: Freeze            |    52 |    26 |    76 ||   154
       Frozen Ramparts   |       |     4 |     3 ||     7
       Ozocubu's Armour  |       |     3 |     1 ||     4
  Use: Scroll            |       |     7 |     6 ||    13
       Potion            |       |     1 |     6 ||     7
 Stab: Distracted        |     1 |       |     1 ||     2
       Sleeping          |       |       |     3 ||     3
Armor: Robe              |     8 |     4 |    36 ||    48
Dodge: Dodged            |    36 |    21 |   192 ||   249

Table legend: (Time is in decaauts)
 A = Elapsed time spent in this place.
 B = Non-inter-level travel time spent in this place.
 C = Inter-level travel time spent in this place.
 D = Time resting spent in this place.
 E = Time spent auto-exploring this place.
 F = Levels seen in this place.
 G = Mean time per level.
                   A        B        C        D        E       F      G
               +--------+--------+--------+--------+--------+-----+--------+
         Total |   8094 |   7867 |    227 |    938 |   5818 |   9 |  899.3 |
       Dungeon |   8070 |   7851 |    219 |    938 |   5818 |   8 | 1008.8 |
        Temple |     23 |     15 |      8 |      0 |      0 |   1 |   23.0 |
               +--------+--------+--------+--------+--------+-----+--------+

Top non-repeatable levels by time:
     D:3: 1356 daAuts
     D:4: 1340 daAuts
     D:2: 1205 daAuts
     D:1: 1152 daAuts
     D:5: 1025 daAuts
     D:7: 992 daAuts
     D:6: 914 daAuts
     D:8: 84 daAuts
  Temple: 23 daAuts
